 Dungeon Crawl Stone Soup version 0.18-a0-1203-gbde16db (webtiles) character file.

79 HrabiaVulpes the Magician (level 4, 0/24 HPs)
             Began as a Deep Elf Fire Elementalist on Feb 1, 2016.
             Slain by a giant frog (7 damage)
             ... on level 3 of the Dungeon.
             The game lasted 00:17:58 (2500 turns).

HrabiaVulpes the Magician (DEFE)                    Turns: 2500, Time: 00:17:58

Health: 0/24       AC:  4    Str:  5    XL:     4   Next: 16%
Magic:  0/12       EV: 13    Int: 21    God:
Gold:   90         SH:  0    Dex: 15    Spells: 3 memorised, 5 levels left

rFire  + . .     SeeInvis .     i - +0 dagger
rCold  . . .     Gourm    .     q - +0 leather armour
rNeg   . . .     Faith    .     (no shield)
rPois  .         Spirit   .     (no helmet)
rElec  .         Dismiss  .     (no cloak)
rCorr  .         Reflect  .     (no gloves)
SustAt .         Harm     .     k - +0 pair of boots
MR     .....                    (no amulet)
Stlth  ++........               e - ring of protection from fire
                                o - +1 ring of evasion

@: very slightly contaminated, not resistant to hostile enchantments, unstealthy
A: no striking features
a: no special abilities


You were on level 3 of the Dungeon.
You were hungry.

You visited 1 branch of the dungeon, and saw 3 of its levels.

You collected 90 gold pieces.

Inventory:

Hand Weapons
 i - a +0 dagger (weapon)
Armour
 k - a +0 pair of boots (worn)
 q - a +0 leather armour (worn)
Jewellery
 e - a ring of protection from fire (right hand)
 o - a +1 ring of evasion (left hand)
 p - an uncursed ring of flight
Wands
 d - a wand of digging (14/24)
Scrolls
 a - a scroll of noise {unknown}
 f - 2 scrolls of remove curse
Books
 b - a book of Flames

   Spells                             Type                      Level
   a - Flame Tongue                   Conjuration/Fire             1
   b - Throw Flame                    Conjuration/Fire             2
   c - Conjure Flame                  Conjuration/Fire             3
   d - Inner Flame                    Hexes/Fire                   3
   e - Sticky Flame                   Conjuration/Fire             4
   f - Fireball                       Conjuration/Fire             5
Comestibles
 c - 2 bread rations
 h - a beef jerky
 j - a meat ration


   Skills:
 + Level 3.4 Dodging
 - Level 2.4 Stealth
 + Level 4.2 Spellcasting
 * Level 2.6 Conjurations
 + Level 3.4 Fire Magic


You had 5 spell levels left.
You knew the following spells:

 Your Spells              Type           Power        Failure   Level  Hunger
a - Flame Tongue          Conj/Fire      ###..        8%          1    None
b - Throw Flame           Conj/Fire      ###...       10%         2    #......
c - Conjure Flame         Conj/Fire      ###.....     17%         3    ###....


Dungeon Overview and Level Annotations

Branches:
Dungeon (3/15)

Altars:


Message History

Press: ? - help, Shift-Dir - straight line, f - giant frog
Aim: a giant frog (lightly wounded)
The flame tongue hits the giant frog.
The giant frog is heavily wounded.
The giant frog misses you. The giant frog hits you. The giant frog hits you.
The giant frog hits you!
* * * LOW HITPOINT WARNING * * *
The giant frog closely misses you.
You see here a mace.
Casting: Flame Tongue
Confirm with . or Enter, or press ? or * to list all spells.
Aiming: Flame Tongue
Press: ? - help, Shift-Dir - straight line, f/p - giant frog
Aim: a giant frog (heavily wounded)
You miscast Flame Tongue.
You are very lightly contaminated with residual magic.
Wisps of smoke drift from your hands. The giant frog hits you!
You die...

...(.......................#
...
####.##############.#####+##
... #.# #..# ... # ##.# ..
.. .. ####+## .###+ #
#.....# ...... #
#########.....##........ #
#......@F............... #
#.###.###..J............ #
#.###............... #
.................... #
#..######.#.....# ...
#.......#### .#
.#######........).
............##.###
########....##.#


You could see a giant frog and an ooze.

Vanquished Creatures
  2 adders
  3 worms
  2 giant geckos
  3 orcs (D:3)
  A ball python (D:3)
  4 giant cockroaches
  6 goblins
  A hobgoblin (D:1)
  A quokka (D:2)
  7 bats
  A giant newt (D:2)
  5 kobolds
  12 rats
48 creatures vanquished.

Notes
Turn   | Place    | Note
--------------------------------------------------------------
     0 | D:1      | HrabiaVulpes the Deep Elf Fire Elementalist began the quest for the Orb.
     0 | D:1      | Reached XP level 1. HP: 10/10 MP: 6/6
   257 | D:1      | Reached XP level 2. HP: 15/15 MP: 6/8
   574 | D:1      | Learned a level 2 spell: Throw Flame
  1220 | D:2      | Reached XP level 3. HP: 19/19 MP: 7/10
  1662 | D:2      | Reached skill level 4 in Spellcasting
  2221 | D:3      | Reached XP level 4. HP: 24/24 MP: 8/12
  2380 | D:3      | Learned a level 3 spell: Conjure Flame
  2480 | D:3      | Noticed a giant frog
  2500 | D:3      | Slain by a giant frog

Vault maps used:
D:1:      dpeg_arrival_renting, item_on_display_a
D:2:      minmay_statues_item
D:3:      lemuel_upstairs_altar, grunt_ministairs_15

Action                   |  1- 3 |  4- 6 || total
-------------------------+-------+-------++-------
 Cast: Flame Tongue      |    48 |    12 ||    60
       Throw Flame       |    25 |     8 ||    33
  Use: Scroll            |       |     5 ||     5
       Potion            |       |     1 ||     1
  Eat: Chunk             |     5 |       ||     5
